 Dungeon Crawl Stone Soup version 0.14.1 (webtiles) character file.

377 Kae the Ruffian (level 5, 0/40 HPs)
             Began as a Draconian Transmuter on May 1, 2014.
             Was an Initiate of Sif Muna.
             Killed from afar by a kobold (20 damage)
             ... with a wand of draining
             ... on Level 3 of the Dungeon.
             The game lasted 00:04:55 (3595 turns).

Kae the Ruffian (Draconian Transmuter)              Turns: 3595, Time: 00:04:55

HP   0/40        AC  5     Str 13      XL: 5   Next: 93%
MP   9/9         EV 11     Int 13      God: Sif Muna [......]
Gold 120         SH  0     Dex 12      Spells:  3 memorised,  2 levels left

rFire  . . .     SeeInvis .       - Unarmed
rCold  . . .     Clarity  .     (armour unavailable)
rNeg   . . .     Conserve .     (no shield)
rPois  .         rCorr    .     (helmet restricted)
rElec  .         rRot     .     (no cloak)
SustAb . .       Spirit   .     (no gloves)
rMut   .         Warding  .     (no boots)
Saprov . . .     Stasis   .     (no amulet)
MR     .....                    (no ring)
                                (no ring)

@: drained, not resistant to hostile enchantments, unstealthy
A: unfitting armour, AC +5
a: Renounce Religion


You were on level 3 of the Dungeon.
You worshipped Sif Muna.
Sif Muna was noncommittal.
You were very hungry.

You visited 1 branch of the dungeon, and saw 3 of its levels.

You collected 120 gold pieces.

Inventory:

Hand weapons
 f - a +0,+0 short sword
Missiles
 b - 12 arrows
 h - 3 darts (quivered)
 i - a silver dart
Comestibles
 a - 5 bread rations
 q - a lychee
Scrolls
 e - 7 scrolls of identify {unknown}
 m - a scroll of fear {unknown}
 n - a scroll of enchant armour {unknown}
 o - a scroll of teleportation {unknown}
 p - a scroll of noise {unknown}
 r - a scroll of random uselessness {unknown}
 s - a scroll of remove curse {unknown}
Jewellery
 j - an uncursed amulet of inaccuracy {unknown}
Potions
 c - 2 potions of heal wounds {unknown}
 g - a potion of restore abilities {unknown}
 k - a potion of might {unknown}
 l - 3 potions of curing
Books
 d - a book of Changes

   Spells                             Type                      Level
   *Beastly Appendage                 Transmutation                1
   *Sticks to Snakes                  Transmutation                2
   *Spider Form                       Transmutation/Poison         3
   Ice Form                           Ice/Transmutation            4
   Blade Hands                        Transmutation                5


   Skills:
 - Level 1.1(0.1) Fighting
 - Level 1.7(0.6) Dodging
 * Level 5.8(4.6) Unarmed Combat
 - Level 2.0(0.9) Spellcasting
 + Level 3.8(2.7) Transmutations


You had 2 spell levels left.
You knew the following spells:

 Your Spells              Type           Power        Failure   Level  Hunger
a - Beastly Appendage     Trmt           #.....       12%         1    ##.....
b - Sticks to Snakes      Trmt           #.........   17%         2    ###....
c - Spider Form           Trmt/Pois      #.........   52%         3    ####...


Dungeon Overview and Level Annotations

Branches:
Dungeon (3/15)

Altars:
Sif Muna


Message History

You see here a poisoned needle.
l - 3 potions of curing (gained 1)
A kobold comes into view. It is wielding a mace.
You offer a prayer to Sif Muna.
Sif Muna is noncommittal.
A kobold is nearby!
You offer a prayer to Sif Muna.
Sif Muna is noncommittal.
A kobold is nearby!
You offer a prayer to Sif Muna.
Sif Muna is noncommittal.
A kobold is nearby!
The kobold shouts!
The kobold throws a dart.
The dart hits you!
The kobold zaps a wand.
The bolt of negative energy hits you!
You feel drained.
You are too injured to fight recklessly!
You are too injured to fight recklessly!
The kobold zaps a wand.
The bolt of negative energy hits you!
You feel drained.
Ouch! That really hurt!
You die...

#...............#...####.. #.#
...#####........##### ..# #.#
#..# #........# ..# #.### #..#
###...[..# ..# #....
#..#######...#..######
#.####....
................##...#
#.##....>.
...########%###.##...#
#.##...###
##....####...##.##...###(##...##
.............K..@..............#
##......##()....####...#.###...#
...##...###)#.....##...#(# #...#
...##...# #.###...##...#(# #####
...##...# #.# #.<.######.#
....#...# ..# #.### #.#
....##### ..# #. ##.## .... ...#
#. #.).# ...## ##.# . #...#


You could see a kobold.

Vanquished Creatures
  A phantom (D:3)
  3 gnolls (D:2)
  6 adders
  2 worms (D:2)
  3 giant geckos
  3 orcs (D:3)
  5 giant cockroaches
  6 goblins
  5 hobgoblins
  7 jackals
  6 kobolds
  7 bats
  6 giant newts (D:1)
  10 rats
70 creatures vanquished.

Notes
Turn   | Place    | Note
--------------------------------------------------------------
     0 | D:1      | Kae, the Draconian Transmuter, began the quest for the Orb.
     0 | D:1      | Reached XP level 1. HP: 16/16 MP: 3/3
   320 | D:1      | Reached XP level 2. HP: 18/23 MP: 2/4
   727 | D:1      | Reached XP level 3. HP: 26/28 MP: 4/6
   849 | D:1      | Reached skill level 4 in Unarmed Combat
  1466 | D:2      | Learned a level 2 spell: Sticks to Snakes
  1470 | D:2      | Learned a level 3 spell: Spider Form
  1787 | D:2      | Found a deep blue altar of Sif Muna.
  1920 | D:2      | Became a worshipper of Sif Muna the Loreminder
  1996 | D:2      | Reached XP level 4. HP: 35/35 MP: 5/7
  2832 | D:3      | Reached skill level 5 in Unarmed Combat
  2972 | D:3      | Reached XP level 5. HP: 33/40 MP: 9/9
  3147 | D:3      | Noticed a phantom
  3195 | D:3      | Killed a phantom
  3595 | D:3      | Killed from afar by a kobold

Action                   |  1- 3 |  4- 6 || total
-------------------------+-------+-------++-------
Melee: Unarmed           |    33 |    45 ||    78
       Short sword       |   182 |    88 ||   270
Throw: Dart              |       |     5 ||     5
 Cast: Beastly Appendage |    10 |     8 ||    18
       Spider Form       |       |     1 ||     1
  Use: Potion            |       |     1 ||     1
